 Dungeon Crawl Stone Soup version 0.28.0-47-ge53b351184 (webtiles) character file.

Game seed: 16135517170991365064

224 fenelon the Chopper (level 5, -4/45 HPs)
             Began as a Minotaur Gladiator on Apr 29, 2022.
             Slain by a gnoll shaman
             ... wielding a +0 whip
              (8 damage)
             ... on level 4 of the Dungeon.
             The game lasted 00:08:25 (4518 turns).

fenelon the Chopper (Minotaur Gladiator)            Turns: 4518, Time: 00:08:26

Health: -4/45      AC:  3    Str: 21    XL:     5   Next: 67%
Magic:  4/4        EV: 12    Int:  5    God:
Gold:   146        SH:  0    Dex: 11    Spells: 4/4 levels left

rFire   . . .      SeeInvis .   a - +0 war axe
rCold   . . .      Faith    .   (no shield)
rNeg    . . .      Spirit   .   b - +0 leather armour
rPois   .          Reflect  .   c - +0 hat
rElec   .          Harm     .   (no cloak)
rCorr   .          Rampage  .   (no gloves)
Will    ++...                   (no boots)
Stlth   +.........              (no amulet)
HPRegen 0.15/turn               f - ring of willpower
MPRegen 0.09/turn               o - ring of willpower

@: flying
A: horns 2, retaliatory headbutt, hooves 2
a: no special abilities


You were on level 4 of the Dungeon.
You visited 1 branch of the dungeon, and saw 4 of its levels.

You collected 146 gold pieces.

Inventory:

Hand Weapons
 a - a +0 war axe (weapon)
Missiles
 d - 5 throwing nets (quivered)
Armour
 b - a +0 leather armour (worn)
 c - a +0 hat (worn)
Jewellery
 f - a ring of willpower (left hand)
 o - a ring of willpower (right hand)
Scrolls
 j - a scroll of fear {unknown}
 m - 3 scrolls of enchant weapon {unknown}
 n - a scroll of teleportation {unknown}
Potions
 e - a potion of mutation
 g - a potion of heal wounds {unknown}
 h - a potion of attraction {unknown}
 i - 2 potions of flight
 k - 2 potions of curing {unknown}
 l - a potion of haste {unknown}


   Skills:
 + Level 3.3 Fighting
 + Level 5.8 Axes
 + Level 2.0 Throwing
 + Level 2.9 Armour
 + Level 4.0 Dodging
 + Level 0.8 Stealth


You had 4 spell levels left.
You didn't know any spells.
Your spell library was empty.

Dungeon Overview and Level Annotations

Branches:
Dungeon (4/15)             Temple (0/1) D:4

Altars:

Shops:
D:2 =


Innate Abilities, Weirdness & Mutations

You have a pair of horns on your head.
You reflexively headbutt those who attack you in melee.
You have hoof-like feet.


Message History

You hit the hobgoblin.
The hobgoblin is heavily wounded.
The hobgoblin hits you. The gnoll closely misses you.
You closely miss the hobgoblin.
The hobgoblin is heavily wounded.
The hobgoblin hits you.
The gnoll hits you from afar with a +0 halberd!
The hobgoblin barely misses you.
You slash the hobgoblin!
You kill the hobgoblin!
The gnoll closely misses you.
The gnoll shaman hits you with a +0 whip.
The gnoll closely misses you.
The gnoll hits you from afar with a +0 halberd!
The gnoll shaman calls upon its god to speed up the gnoll.
The gnoll seems to speed up.
There are monsters nearby!
It was a potion of flight.
You feel very buoyant.
You fly up into the air.
The gnoll misses you. The gnoll hits you with a +0 whip.
* * * LOW HITPOINT WARNING * * *
You slash the gnoll! Your headbutt misses the gnoll.
The gnoll is almost dead.
The gnoll closely misses you. The gnoll misses you.
You slash the gnoll!
You kill the gnoll!
The gnoll closely misses you.
It was a potion of mutation.
You feel extremely strange.
Your feet thicken and deform. x2
You barely miss the gnoll shaman. Your kick misses the gnoll shaman.
Your headbutt misses the gnoll shaman. The gnoll shaman misses you.
You closely miss the gnoll shaman. Your kick misses the gnoll shaman.
Your headbutt misses the gnoll shaman.
The gnoll shaman hits you with a +0 whip!
* * * LOW HITPOINT WARNING * * *
The gnoll barely misses you.
The gnoll shaman hits you with a +0 whip!
You die...

#.#........# ..g..
...........# ##.#
#........g.# ..
........#gg#
.......##..#
.....#.##..#######
.....†....gg.g.g.#
....†.....######g#
....####### #@#
....<...# #.#
#...###.# #.#
....# #.# ....#
#.# ..#.# ###.##
..#.# #..#.# ..#.#
#.#.## ..#.# #.###


You could see a gnoll shaman and a gnoll.

Vanquished Creatures
  A hound (D:4)
  Jessica (D:3)
  4 adders
  7 gnolls
  An adder skeleton (D:3)
  A dart slug (D:2)
  An orc (D:3)
  4 ball pythons
  6 endoplasms
  2 giant cockroaches (D:1)
  9 goblins
  3 hobgoblins
  A jackal (D:1)
  4 quokkas
  6 bats
  4 frilled lizards
  4 kobolds
  7 rats
66 creatures vanquished.

Notes
Turn   | Place    | Note
-------+----------+-------------------------------------------
     0 | D:1      | fenelon the Minotaur Gladiator began the quest for the Orb.
     0 | D:1      | Reached XP level 1. HP: 18/18 MP: 0/0
   268 | D:1      | Reached XP level 2. HP: 21/25 MP: 1/1
   403 | D:1      | Reached skill level 4 in Axes
   898 | D:2      | Reached skill level 1 in Armour
  1011 | D:2      | Reached XP level 3. HP: 19/30 MP: 2/2
  1678 | D:2      | Reached XP level 4. HP: 13/38 MP: 3/3
  2497 | D:2      | Found Gibom's Jewellery Boutique.
  2662 | D:2      | Found a faded altar of an unknown god.
  2746 | D:3      | Noticed Jessica
  2751 | D:3      | Killed Jessica
  2752 | D:3      | Reached skill level 5 in Axes
  2812 | D:3      | Reached XP level 5. HP: 6/45 MP: 4/4
  4265 | D:4      | Found a staircase to the Ecumenical Temple.
  4516 | D:4      | Gained mutation: You have large cloven feet. [potion of
                  | mutation]
  4516 | D:4      | Gained mutation: You have hoof-like feet. [potion of
                  | mutation]
  4518 | D:4      | Slain by a gnoll shaman

Illustrated notes

Levels and vault maps discovered:
D:1:      dpeg_arrival_pond, layout_rooms, minivault_5, minmay_pentomino_s4
D:2:      kennysheep_the_goblin_king, layout_basic, serial_shops,
          nicolae_shop_stone, shapermc_ecumenical_altar_hornbeckon,
          minmay_misc_feat_five
D:3:      layout_basic, uniq_jessica
D:4:      layout_loops_cross, minmay_temple_entry_slanted, uniq_edmund

Skill      XL: |  1  2  3  4  5 |
---------------+----------------+-----
Axes           | 4 5 |  5.8
Armour         | 1 2 |  2.9
Fighting       | 3 |  3.3
Dodging        | 4 |  4.0
Throwing       | |  2.0
Stealth        | |  0.8

Action                   |  1- 3 |  4- 6 || total
-------------------------+-------+-------++-------
Melee: War axe           |    60 |    64 ||   124
       Headbutt          |     5 |     7 ||    12
       Punch             |       |     1 ||     1
  Use: Scroll            |     2 |       ||     2
       Potion            |       |     2 ||     2
 Stab: Sleeping          |     1 |       ||     1
Armor: Leather armour    |    22 |    16 ||    38
Dodge: Dodged            |    47 |    59 ||   106
